 Dungeon Crawl Stone Soup version 0.27-a0-1154-gfdeffcb720 (webtiles) character file.

Game seed: 16142798802181378732

181 pkoi the Slasher (level 5, 0/42 HPs)
             Began as a Minotaur Gladiator on May 14, 2021.
             Killed by nerve-wracking pain
             ... invoked by Grinder
              (4 damage)
             ... while paralysed by Grinder
             ... on level 3 of the Dungeon.
             The game lasted 00:02:54 (2859 turns).

pkoi the Slasher (Minotaur Gladiator)               Turns: 2859, Time: 00:02:55

Health: 0/42       AC:  4    Str: 19    XL:     5   Next: 34%
Magic:  4/4        EV:  2    Int:  5    God:
Gold:   92         SH:  0    Dex: 12    Spells: 4/4 levels left

rFire    . . .     SeeInvis .   a - +0 long sword
rCold    . . .     Faith    .   (no shield)
rNeg     . . .     Spirit   .   b - +0 leather armour
rPois    .         Reflect  .   c - +0 hat
rElec    .         Harm     .   j - +0 cloak
rCorr    .         Rampage  .   (no gloves)
Will     .....                  (no boots)
Stlth    +.........             (no amulet)
HPRegen  0.14/turn              (no ring)
MPRegen  0.09/turn              (no ring)

@: paralysed
A: horns 2, retaliatory headbutt
a: no special abilities


You were on level 3 of the Dungeon.
You visited 1 branch of the dungeon, and saw 3 of its levels.

You collected 92 gold pieces.

Inventory:

Hand Weapons
 a - a +0 long sword (weapon)
Missiles
 d - 3 throwing nets (quivered)
Armour
 b - a +0 leather armour (worn)
 c - a +0 hat (worn)
 j - a +0 cloak (worn)
Jewellery
 i - a ring of wizardry
Scrolls
 e - 2 scrolls of noise {unknown}
 g - 2 scrolls of torment {unknown}
 h - 2 scrolls of identify {unknown}
 l - a scroll of fear {unknown}
 m - a scroll of teleportation {unknown}
 n - a scroll of enchant armour {unknown}
Potions
 f - a potion of heal wounds {unknown}
 k - a potion of curing
 o - a potion of mutation {unknown}


   Skills:
 + Level 2.7 Fighting
 * Level 7.1 Long Blades
 - Level 2.0 Throwing
 + Level 0.6 Armour
 + Level 3.4 Dodging


You had 4 spell levels left.
You didn't know any spells.
Your spell library contained the following spells:

 Spells                   Type           Power      Damage    Failure   Level
 Corona                   Hex            0%         N/A       54%         1
 Ensorcelled Hibernation  Hex/Ice        0%         N/A       67%         2
 Confusing Touch          Hex            0%         N/A       88%         3
 Dazzling Flash           Conj/Hex       0%         N/A       88%         3
 Tukima's Dance           Hex            0%         N/A       88%         3


Dungeon Overview and Level Annotations

Branches:
Dungeon (3/15)

Altars:
Elyvilon

Annotations:
D:3 Grinder


Innate Abilities, Weirdness & Mutations

You have a pair of horns on your head.
You reflexively headbutt those who attack you in melee.


Message History

Grinder gestures at you. Pain shoots through your body!
You hit Grinder.
Grinder is severely wounded.
Grinder closely misses you. Grinder misses you.
You closely miss Grinder.
Grinder is severely wounded.
Grinder gestures at you.
You suddenly lose the ability to move!
Grinder hits you! Grinder gestures at you.
You barely resist. Grinder hits you but does no damage.
Grinder gestures at you. You resist with significant effort.
You can move again.
Unknown command.
Unknown command.
You completely miss Grinder. Your headbutt misses Grinder.
Grinder is severely wounded.
Grinder blinks!
Grinder blinks!
You barely miss Grinder.
Grinder is severely wounded.
Grinder gestures at you. Pain shoots through your body!
* * * LOW HITPOINT WARNING * * *
You closely miss Grinder. You headbutt Grinder.
Grinder is severely wounded.
Grinder blinks!
Grinder blinks!
Unknown command.
You slash Grinder!
Grinder is almost dead.
Grinder blinks!
Grinder gestures at you.
You suddenly lose the ability to move!
Grinder gestures at you. Pain shoots through your body!
You die...

##......# ##.###. #######
###...## #<..... ..(....# #...#
#.##.## #........# #...# #.##.##
#.##....(# #...#####.##.##
.#........# #.........##...
..........######....####.##.##
#..#.#.......................
#..#........@.5............##
#........................#.##
..#..#....#######....####.##.##
..(....#..# #.........##... ##
####...## #...#####...... .#
##.## #...# #.##... .########.#
####...#####.##...
..5.....5.######............#####
#.#####..........##...#####...<..


You could see Grinder.

Vanquished Creatures
  A bullfrog (D:2)
  3 gnolls (D:2)
  3 adders (D:2)
  A dart slug (D:3)
  An orc (D:3)
  6 ball pythons
  6 bats
  3 endoplasms
  7 goblins
  5 hobgoblins
  10 jackals
  A quokka (D:3)
  2 frilled lizards (D:1)
  4 kobolds
  5 rats
58 creatures vanquished.

Notes
Turn   | Place    | Note
-------+----------+-------------------------------------------
     0 | D:1      | pkoi the Minotaur Gladiator began the quest for the Orb.
     0 | D:1      | Reached XP level 1. HP: 18/18 MP: 0/0
   129 | D:1      | Reached skill level 4 in Long Blades
   322 | D:1      | Reached XP level 2. HP: 24/25 MP: 1/1
   573 | D:1      | Found a faded altar of an unknown god.
   778 | D:1      | Reached skill level 5 in Long Blades
  1207 | D:2      | Reached XP level 3. HP: 30/30 MP: 2/2
  1448 | D:2      | Found a white marble altar of Elyvilon.
  1553 | D:2      | Noticed a bullfrog
  1560 | D:2      | Killed a bullfrog
  1561 | D:2      | Reached skill level 6 in Long Blades
  1561 | D:2      | Reached XP level 4. HP: 31/37 MP: 3/3
  1811 | D:2      | Reached XP level 5. HP: 42/42 MP: 4/4
  1991 | D:2      | Reached skill level 7 in Long Blades
  2463 | D:3      | Noticed Grinder
  2478 | D:3      | Paralysed by Grinder for 5 turns
  2820 | D:3      | Paralysed by Grinder for 6 turns
  2831 | D:3      | Paralysed by Grinder for 5 turns
  2842 | D:3      | Paralysed by Grinder for 5 turns
  2858 | D:3      | Paralysed by Grinder for 6 turns
  2859 | D:3      | Killed from afar by Grinder

Illustrated notes

Levels and vault maps discovered:
D:1:      lemuel_arrival_muddy, layout_loops_cross,
          hellmonk_ecumenical_altar_dog_temple, minivault_5,
          kennysheep_small_spiral, minivault_26
D:2:      layout_loops_cross, basic_altar
D:3:      layout_loops_cross, chequers_serial_rivers_micro_a,
          grunt_decor_mini_mirrors, uniq_grinder

Skill      XL: |  1  2  3  4  5 |
---------------+----------------+-----
Long Blades    | 4 5 6 7 |  7.1
Fighting       | |  2.7
Throwing       | |  2.0
Armour         | |  0.6
Dodging        | |  3.4

Action                   |  1- 3 |  4- 6 || total
-------------------------+-------+-------++-------
Melee: Long sword        |    58 |    54 ||   112
       Headbutt          |    13 |    14 ||    27
Armor: Leather armour    |    19 |    12 ||    31
Dodge: Dodged            |    48 |    25 ||    73
       Rpst.: Long sword |    15 |     6 ||    21

Table legend: (Time is in decaauts)
 A = Elapsed time spent in this place.
 B = Non-inter-level travel time spent in this place.
 C = Inter-level travel time spent in this place.
 D = Time resting spent in this place.
 E = Time spent auto-exploring this place.
 F = Levels seen in this place.
 G = Mean time per level.
                   A        B        C        D        E       F      G
               +--------+--------+--------+--------+--------+-----+--------+
         Total |   2873 |   2715 |    158 |    485 |   1865 |   3 |  957.7 |
       Dungeon |   2873 |   2715 |    158 |    485 |   1865 |   3 |  957.7 |
               +--------+--------+--------+--------+--------+-----+--------+

Top non-repeatable levels by time:
     D:2: 1199 daAuts
     D:1: 1166 daAuts
     D:3: 507 daAuts
